 Dungeon Crawl Stone Soup version 0.18.1-50-g88ac8fd (webtiles) character file.

198 Drunkenshrew the Skirmisher (level 5, -2/48 HPs)
             Began as a Minotaur Gladiator on Nov 4, 2016.
             Slain by a gnoll
             ... wielding a +0 halberd
              (11 damage)
             ... on level 4 of the Dungeon.
             The game lasted 00:05:42 (2911 turns).

Drunkenshrew the Skirmisher (Minotaur Gladiator)    Turns: 2911, Time: 00:05:43

Health: -2/48      AC:  9    Str: 20    XL:     5   Next: 47%
Magic:  4/4        EV:  8    Int:  5    God:
Gold:   182        SH:  0    Dex: 11    Spells: 0 memorised, 4 levels left

rFire  . . .     SeeInvis .     a - +0 war axe
rCold  . . .     Gourm    .     q - +0 chain mail
rNeg   . . .     Faith    +     (no shield)
rPois  .         Spirit   .     c - +0 hat
rElec  .         Dismiss  .     (no cloak)
rCorr  .         Reflect  .     (no gloves)
SustAt .         Harm     .     (no boots)
MR     .....                    h - amulet of faith
Stlth  ..........               (no ring)
                                (no ring)

@: lethally poisoned (-2 -> -2), not resistant to hostile enchantments,
extremely unstealthy
A: retaliatory headbutt, horns 2
a: no special abilities


You were on level 4 of the Dungeon.
You were not hungry.

You visited 1 branch of the dungeon, and saw 4 of its levels.

You collected 182 gold pieces.

Inventory:

Hand Weapons
 a - a +0 war axe (weapon)
Missiles
 n - a throwing net (quivered)
Armour
 c - a +0 hat (worn)
 o - a +0 ring mail
 q - a +0 chain mail (worn)
Jewellery
 h - an amulet of faith (around neck)
Scrolls
 e - 2 scrolls of remove curse {unknown}
 g - 2 scrolls of recharging {unknown}
 i - a scroll of teleportation {unknown}
 l - 5 scrolls of identify {unknown}
 r - a scroll of enchant armour {unknown}
 s - a scroll of magic mapping {unknown}
Potions
 d - a potion of agility {unknown}
 j - 3 potions of flight {unknown}
 k - 3 potions of heal wounds
 m - 3 potions of haste {unknown}
 p - a potion of brilliance {unknown}
 t - 2 potions of lignification {unknown}
Comestibles
 b - 2 fruits
 f - 3 bread rations


   Skills:
 - Level 5.0 Fighting
 + Level 4.2 Axes
 - Level 2.0 Throwing
 - Level 4.1 Armour
 - Level 3.2 Dodging


You had 4 spell levels left.
You didn't know any spells.

Dungeon Overview and Level Annotations

Branches:
Dungeon (4/15)
 Temple: D:4-7

Altars:


Innate Abilities, Weirdness & Mutations

You reflexively headbutt those who attack you in melee.
You have a pair of horns on your head.


Message History

Your chain mail prevents you from hitting the gnoll.
The gnoll is moderately wounded.
You feel sick. The gnoll hits you with a halberd. The gnoll hits you.
The gnoll hits you with a halberd.
You closely miss the gnoll. x2
The gnoll is moderately wounded.
The gnoll completely misses you. The gnoll hits you with a halberd.
* * * LOW HITPOINT WARNING * * *
You slash the gnoll!
You kill the gnoll!
You hit the gnoll but do no damage.
The gnoll is moderately wounded.
The gnoll closely misses you.
You closely miss the gnoll.
The gnoll is moderately wounded.
You feel sick. The gnoll barely misses you.
You hit the gnoll but do no damage.
The gnoll is moderately wounded.
The gnoll hits you with a halberd!
You die...

.. ... #####
######... #.$.#
#....... #. #...#
#.....#
#..#...###.....#
#>..g†'.......#
#...†@###.#####+##
......###...........
..... #....(......
.... #...........
### #...........
####...........
#.........[....
#..............
#....#.#####.##


You could see a gnoll.

Vanquished Creatures
  Ijyb (D:2)
  4 adders
  8 gnolls
  A worm (D:2)
  3 dart slugs
  A giant gecko (D:3)
  2 orcs (D:3)
  3 giant cockroaches
  7 goblins
  2 hobgoblins (D:1)
  2 jackals (D:1)
  A kobold (D:2)
  2 quokkas
  A ball python (D:1)
  7 bats
  4 giant newts
  5 rats
54 creatures vanquished.

Notes
Turn   | Place    | Note
--------------------------------------------------------------
     0 | D:1      | Drunkenshrew the Minotaur Gladiator began the quest for the Orb.
     0 | D:1      | Reached XP level 1. HP: 18/18 MP: 0/0
   311 | D:1      | Reached skill level 3 in Fighting
   318 | D:1      | Reached XP level 2. HP: 23/26 MP: 1/1
   656 | D:1      | Reached skill level 1 in Armour
  1225 | D:2      | Noticed Ijyb
  1226 | D:2      | Reached XP level 3. HP: 31/31 MP: 2/2
  1242 | D:2      | Killed Ijyb
  1245 | D:2      | Reached XP level 4. HP: 6/38 MP: 3/3
  1896 | D:2      | Reached skill level 4 in Fighting
  2194 | D:3      | Reached XP level 5. HP: 41/47 MP: 4/4
  2477 | D:3      | Reached skill level 5 in Fighting
  2911 | D:4      | Slain by a gnoll

Skill      XL: |  1  2  3  4  5 |
---------------+----------------+-----
Fighting       | 3 4 5 |  5.0
Armour         | 2 3 4 |  4.1
Axes           | 4 |  4.2
Throwing       | |  2.0
Dodging        | |  3.2

Action                   |  1- 3 |  4- 6 || total
-------------------------+-------+-------++-------
Melee: War axe           |    58 |    84 ||   142
       Headbutt          |    11 |    12 ||    23
Throw: Throwing net      |     3 |     1 ||     4
  Eat: Chunk             |     1 |     5 ||     6
Armor: Leather armour    |    10 |       ||    10
       Ring mail         |    12 |     4 ||    16
       Chain mail        |       |    36 ||    36
Dodge: Dodged            |    45 |    44 ||    89
